 Dungeon Crawl Stone Soup version 0.28-a0-305-g9e858e973b (webtiles) character file.

Game seed: 11685822422250393779

488815 lmSkywalker the Alchemist (level 23, -6/194 HPs)
             Began as a Grey Draconian Conjurer on Aug 25, 2021.
             Was an Elder of Sif Muna.
             Killed from afar by a deep elf sorcerer (42 damage)
             ... with damnation
             ... on level 5 of the Vaults on Aug 29, 2021.
             The game lasted 08:01:32 (94400 turns).

lmSkywalker the Alchemist (DrCj)                   Turns: 94400, Time: 08:01:33

Health: -6/194     AC: 29    Str: 12    XL:     23   Next: 84%
Magic:  41/41      EV: 16    Int: 26    God:    Sif Muna [****..]
Gold:   2967       SH:  6    Dex: 14    Spells: 3/51 levels left

rFire   + + +      SeeInvis +   Q - +9 scimitar of Negeleb {flame, rF++ Int+4 SInv}
rCold   + + .      Faith    .   B - +0 buckler
rNeg    + + +      Spirit   .   (armour unavailable)
rPois   ∞          Reflect  .   N - -2 hat of the Alchemist {rElec rPois rF+ rC+ rN+ Will+ rMut rCorr}
rElec   +          Harm     .   G - +2 cloak {rCorr}
rCorr   +          Rampage  .   K - +2 pair of gloves
rMut    +                       V - +2 pair of boots
Will    ++++.                   M - amulet of magic regeneration
Stlth   ++........              P - ring of willpower
HPRegen 0.42/turn               W - ring of wizardry
MPRegen 0.52/turn

@: lich-form, death channelling, marked, studying Translocations
A: draining attack, torment immunity, no potions, AC +16, amphibious, unfitting
armour, cold-blooded, antennae 1
}: 2/15 runes: decaying, gossamer
a: End Transformation, Renounce Religion, Channel Magic, Forget Spell, Divine
Exegesis


You were on level 5 of the Vaults.
You worshipped Sif Muna.
Sif Muna was greatly pleased with you.
You were an undead lich.
You visited 8 branches of the dungeon, and saw 42 of its levels.
You visited 1 bazaar.
You also visited: Sewer and Wizlab.

You collected 4983 gold pieces.
You spent 2016 gold pieces at shops.

Inventory:

Hand Weapons
 x - a +3 demon blade of pain
 Q - the +9 scimitar of Negeleb (weapon) {flame, rF++ Int+4 SInv}
   (You found it on level 6 of the Lair of Beasts)

   It burns those it strikes, dealing additional fire damage.
   Big, fiery blades are also staple armaments of hydra-hunters.
   Int:       It affects your intelligence (+4).
   rF:        It greatly protects you from fire.
   SInv:      It lets you see invisible.
Armour
 l - a +2 hat
 B - a +0 buckler (worn)
 G - a +2 cloak of preservation (worn)
 K - a +2 pair of gloves (worn)
 N - the -2 hat of the Alchemist (worn) {rElec rPois rF+ rC+ rN+ Will+ rMut rCorr}
   (You bought it in a shop on level 2 of the Orcish Mines)

   rF:        It protects you from fire.
   rC:        It protects you from cold.
   rElec:     It insulates you from electricity.
   rPois:     It protects you from poison.
   rN:        It protects you from negative energy.
   rCorr:     It protects you from acid and corrosion.
   rMut:      It protects you from mutation.
   Will:      It increases your willpower.
 V - a +2 pair of boots (worn)
Jewellery
 o - a ring of wizardry
 E - a +6 ring of intelligence
 M - an amulet of magic regeneration (around neck)
 P - a ring of willpower (left hand)
 S - a ring of protection from fire
 W - a ring of wizardry (right hand)
 Z - a ring of see invisible
Wands
 f - a wand of acid (7)
 k - a wand of digging (14)
 n - a wand of polymorph (28)
 z - a wand of iceblast (63)
 F - a wand of charming (44)
 T - a wand of mindburst (18)
 X - a wand of flame (24)
Scrolls
 c - 6 scrolls of magic mapping
 e - 5 scrolls of fear
 g - 9 scrolls of fog
 i - a scroll of torment
 j - 7 scrolls of vulnerability
 p - 18 scrolls of teleportation
 y - 3 scrolls of blinking
 A - 2 scrolls of holy word
 C - 2 scrolls of silence
 D - 2 scrolls of enchant armour
 O - 5 scrolls of immolation
Potions
 b - 7 potions of heal wounds
 d - 4 potions of cancellation
 h - 8 potions of lignification
 m - 8 potions of haste
 q - 3 potions of invisibility
 r - 6 potions of magic
 s - 11 potions of brilliance
 t - 10 potions of attraction
 u - 11 potions of curing
 v - 5 potions of resistance
 w - 7 potions of mutation
 H - 3 potions of ambrosia
 I - 2 potions of might
Miscellaneous
 a - a tin of tremorstones (1/2)
 J - a box of beasts
 L - a phial of floods
 Y - a phantom mirror


   Skills:
 - Level 13.6 Fighting
 * Level 13.0 Long Blades
 - Level 10.0 Dodging
 - Level 3.0 Stealth
 - Level 7.2 Shields
 - Level 14.1 Unarmed Combat
 - Level 14.8 Spellcasting
 - Level 11.3 Conjurations
 - Level 5.8 Hexes
 - Level 17.4 Necromancy
 - Level 13.0 Translocations
 - Level 17.5 Transmutations
 - Level 3.0 Fire Magic
 - Level 10.5 Invocations
 - Level 4.6 Evocations


You had 3 spell levels left.
You knew the following spells:

 Your Spells              Type           Power      Damage    Failure   Level
a - Manifold Assault      Tloc           72%        N/A       1%          5
b - Death Channel         Necr           52%        N/A       1%          6
c - Infestation           Necr           52%        N/A       6%          8
d - Animate Dead          Necr           52%        N/A       0%          4
e - Necromutation         Tmut/Necr      52%        N/A       6%          8
f - Dazzling Flash        Conj/Hex       100%       N/A       1%          3
g - Irradiate             Conj/Tmut      38%        3d26      1%          5
h - Passwall              Tmut/Erth      49%        N/A       1%          2
i - Dragon Form           Tmut           42%        N/A       1%          7

Your spell library contained the following spells:

 Spells                   Type           Power      Damage    Failure   Level
 Animate Skeleton         Necr           100%       N/A       0%          1
 Apportation              Tloc           100%       N/A       0%          1
 Pain                     Necr           100%       1d9       0%          1
 Blink                    Tloc           N/A        N/A       0%          2
 Wereblood                Tmut           84%        N/A       0%          2
 Vampiric Draining        Necr           52%        2d13      0%          3
 Corona                   Hex            54%        N/A       1%          1
 Foxfire                  Conj/Fire      100%       2x1d9     1%          1
 Magic Dart               Conj           100%       1d8       1%          1
 Sandblast                Erth           38%        2d10      1%          1
 Shock                    Conj/Air       100%       1d9       1%          1
 Summon Small Mammal      Summ           76%        N/A       1%          1
 Corpse Rot               Necr/Air       N/A        N/A       1%          2
 Ensorcelled Hibernation  Hex/Ice        68%        N/A       1%          2
 Searing Ray              Conj           100%       3d7       1%          2
 Slow                     Hex            49%        N/A       1%          2
 Static Discharge         Conj/Air       48%        N/A       1%          2
 Confusing Touch          Hex            49%        N/A       1%          3
 Conjure Flame            Conj/Fire      54%        6-21      1%          3
 Gell's Gravitas          Tloc           36%        N/A       1%          3
 Ignite Poison            Fire/Tmut/Pois 53%        N/A       1%          3
 Inner Flame              Hex/Fire       42%        N/A       1%          3
 Lesser Beckoning         Tloc           72%        N/A       1%          3
 Mephitic Cloud           Conj/Pois/Air  38%        N/A       1%          3
 Portal Projectile        Hex/Tloc       100%       N/A       1%          3
 Spider Form              Tmut/Pois      29%        N/A       1%          3
 Summon Guardian Golem    Hex/Summ       34%        N/A       1%          3
 Teleport Other           Tloc           72%        N/A       1%          3
 Tukima's Dance           Hex            49%        N/A       1%          3
 Call Canine Familiar     Summ           19%        N/A       3%          3
 Frozen Ramparts          Ice            38%        1d5       3%          3
 Ozocubu's Armour         Ice            19%        N/A       3%          3
 Swiftness                Air            19%        N/A       3%          3
 Dispel Undead            Necr           100%       3d31      0%          4
 Fulminant Prism          Conj/Hex       29%        3d14      1%          4
 Hailstorm                Conj/Ice       48%        3d11      1%          4
 Ice Form                 Ice/Tmut       59%        N/A       1%          4
 Iskenderun's Mystic Bla  Conj/Tloc      70%        2d14      1%          4
 Passage of Golubria      Tloc           N/A        N/A       1%          4
 Sticky Flame             Conj/Fire      54%        2d7       1%          4
 Agony                    Necr           100%       N/A       1%          5
 Alistair's Intoxication  Tmut/Pois      39%        N/A       1%          5
 Blade Hands              Tmut           42%        N/A       1%          5
 Borgnjor's Vile Clutch   Necr/Erth      38%        N/A       1%          5
 Excruciating Wounds      Necr           52%        N/A       1%          5
 Fireball                 Conj/Fire      27%        3d12      1%          5
 Iskenderun's Battlesphe  Conj           67%        2d12      1%          5
 Yara's Violent Unravell  Hex/Tmut       34%        3d14      1%          5
 Dispersal                Tloc           36%        N/A       1%          6
 Summon Forest            Summ/Tloc      26%        N/A       2%          5
 Leda's Liquefaction      Hex/Erth       17%        N/A       3%          4
 Lightning Bolt           Conj/Air       24%        1d39      3%          5
 Bolt of Magma            Conj/Fire/Erth 22%        4d11      4%          5
 Eringya's Noxious Bog    Tmut/Pois      29%        N/A       4%          6
 Simulacrum               Ice/Necr       38%        N/A       4%          6
 Borgnjor's Revivificati  Necr           52%        N/A       6%          8
 Freezing Cloud           Conj/Ice/Air   19%        6-21      7%          5
 Orb of Destruction       Conj           33%        9d12      9%          7
 Metabolic Englaciation   Hex/Ice        17%        N/A       10%         5
 Silence                  Hex/Air        17%        N/A       10%         5
 Summon Mana Viper        Hex/Summ       34%        N/A       10%         5
 Airstrike                Air            9%         N/A       12%         4
 Summon Ice Beast         Ice/Summ       19%        N/A       12%         4
 Summon Lightning Spire   Summ/Air       19%        N/A       12%         4
 Conjure Ball Lightning   Conj/Air       24%        3x3d7     16%         6
 Invisibility             Hex            24%        N/A       16%         6
 Haunt                    Necr/Summ      38%        N/A       26%         7
 Storm Form               Tmut/Air       29%        N/A       26%         7
 Lee's Rapid Deconstruct  Erth           9%         3d8*      30%         5
 Disjunction              Tloc           36%        N/A       32%         8
 Malign Gateway           Summ/Tloc      26%        N/A       52%         7
 Death's Door             Necr           52%        N/A       63%         9
 Shadow Creatures         Summ           N/A        N/A       83%         6
 Discord                  Hex            24%        N/A       99%         8
 Monstrous Menagerie      Summ           9%         N/A       100%        7
 Ozocubu's Refrigeration  Ice            9%         4d6       100%        7
 Maxwell's Capacitive Co  Air            9%         ∞         100%        8
 Summon Horrible Things   Summ           9%         N/A       100%        8
 Chain Lightning          Conj/Air       24%        3d32      100%        9
 Dragon's Call            Summ           9%         N/A       100%        9
 Fire Storm               Conj/Fire      27%        8d7       100%        9


Dungeon Overview and Level Annotations

Branches:
Dungeon (15/15)            Temple (1/1) D:6            Lair (6/6) D:10
  Swamp (4/4) Lair:4       Spider (4/4) Lair:3        Slime (0/5) Lair:5
    Orc (2/2) D:9             Elf (0/3) Orc:2        Vaults (5/5) D:14
  Crypt (0/3) Vaults:2     Depths (5/5) D:15            Zot (0/5) Depths:5
  Sewer (visited)          WizLab (visited)

Altars:
Ashenzari
Cheibriados
Dithmenos
Elyvilon
Fedhas
Gozag
Hepliaklqana
Kikubaaqudgha
Makhleb
Nemelex Xobeh
Okawaru
Qazlal
Ru
Sif Muna
Trog
Uskayaw
Vehumet
Wu Jian
Xom
Yredelemnul
Zin
The Shining One
Beogh
Jiyva

Shops:
D:7 *?   D:8 ?   D:9 !   D:11 ![:   D:14 *[   Orc:2 [::?[   Vaults:1 :
Depths:1 [!(   Depths:5 ([(=

Portals:
Hell: Depths:1 Depths:2 Depths:3 Depths:4 Depths:5
Abyss: Depths:1 Depths:4
Pandemonium: Depths:3
Ziggurat: Depths:3

Annotations:
D:4 exclusion: upstairs
Orc:2 Sonja
Depths:2 3 runed translucent doors, exclusion: 3 doors, Muhabiwk's ghost, adept GnBr


Innate Abilities, Weirdness & Mutations

You are an undead lich.
Your unarmed attacks are suffused with negative energy.
You are immune to unholy pain and torment.
Your necromantic spells are more powerful.
You are immune to poison.
You cannot drink.
Your dull iron-grey scales are very hard. (AC +16)
You are amphibious.
You cannot fit into any form of body armour.
You are cold-blooded and may be slowed by cold attacks.
You have a pair of small antennae on your head.


Message History

Your spectral sphinx hits the shadow dragon but does no damage.
Your spectral sphinx closely misses the shadow dragon.
Your spectral vault warden hits the shadow dragon but does no damage.
Your spectral storm dragon barely misses the shadow dragon.
Your spectral storm dragon claws the shadow dragon but does no damage.
Your spectral storm dragon tramples the shadow dragon.
You block the ironbound preserver's attack.
Your death scarab closely misses the shadow dragon.
Your death scarab bites the shadow dragon but does no damage.
Your death scarab bites the deep elf sorcerer!
Your death scarab drains the deep elf sorcerer's vigour!
The deep elf sorcerer seems to slow down.
Your death scarab draws strength from the deep elf sorcerer's injuries!
The deep elf sorcerer barely misses your death scarab.
Your spectral sphinx hits the shadow dragon.
Your spectral sphinx hits the shadow dragon but does no damage. x2
The shadow dragon bites your spectral sphinx!
The shadow dragon completely misses your spectral sphinx.
The shadow dragon claws your spectral sphinx!
The ironbound preserver mumbles some strange words.
The ironbound preserver begins to accept its allies' injuries.
Something bites your spectral sphinx!
Something claws your spectral sphinx. x2
Found a tower shield.
Something hits your death scarab. Something burns your death scarab.
Your unholy channel is weakening.
Something hits your spectral sphinx!!
You see here a +0 tower shield.
Casting: Infestation (dangerous; 6% risk of failure)
Confirm with . or Enter, or press ? or * to list all spells.
You feel a surge of power!
Malign forces permeate your being, awaiting release.
A frost giant comes into view.
It is wielding a +0 battleaxe of freezing.
The ironbound preserver completely misses you.
The frost giant pulls the alarm!
The alarm trap emits a blaring wail!
A sentinel's mark forms upon you.
You hear a deafening roar!
You hear a shout! x10
The deep elf sorcerer points at you and mumbles some strange words.
The sphere of damnation explodes!
The damnation engulfs you!!!
You die...

#..# #..# #..#
#..# #..# #...
#..# .#....#..#
......#.L#
......#..#
#....#.p#
#..C....#
#############....#
...........Z.Z...#
.........Z.e.....#
.................#
........[........#


You could see an ironbound preserver, a deep elf sorcerer (fast) and a friendly
spectral sphinx (wandering).

Vanquished Creatures
  2 ancient liches (Depths:4)
  Mara (Depths:2)
  Sojobo (Depths:3)
  Boris (Vaults:3)
  Frederick (Vaults:3)
  Xtahua (Vaults:3)
  2 golden dragons
  3 hellephants (Depths:4)
  3 tentacled monstrosities
  Jorgrun (Swamp:2)
  Mlioglotl (Depths:1)
  Asterion (Lair:3)
  A lich (Vaults:2)
  4 sphinxes
  Frances (D:12)
  3 tengu reavers
  2 thorn hunters
  A shadow dragon (Depths:2)
  2 fenstrider witches (Swamp:1)
  2 storm dragons
  A revenant (Depths:3)
  6 frost giants
  2 deep elf sorcerers
  6 vault wardens
  8 fire giants
  Louise (Lair:3)
  6 ghost moths
  A draconian stormcaller (Depths:5)
  23 very ugly things
  Aizul (Vaults:1)
  3 ghouls
  5 emperor scorpions
  A reaper (WizLab)
  15 ironbound preservers
  11 stone giants
  A deep elf demonologist (Depths:4)
  7 vampire knights
  Nessos (D:15)
  3 juggernaut skeletons (Depths:3)
  8 dire elephants
  A green draconian (Depths:5)
  An entropy weaver (Vaults:3)
  Azrael (Orc:2)
  A purple draconian (Depths:5)
  A lorocyproca (Depths:3)
  The ghost of Aluabuag the Basher, a journeyman DrWn of Gozag (D:13)
  2 yellow draconians (Depths:5)
  6 bunyips
  6 spark wasps
  4 eleionomae
  7 ettins
  2 deep elf death magi
  Snorg (Lair:5)
  A crystal guardian (Vaults:4)
  8 fire dragons
  2 shambling mangroves
  2 jiangshi (Depths:3)
  Fannar (D:10)
  6 ice dragons
  Harold (D:10)
  A monstrous demonspawn (Depths:3)
  A deep elf high priest (Vaults:5)
  24 hydras
  7 yaktaur captains
  3 ironbound thunderhulks (Vaults:3)
  A peacekeeper (Vaults:4)
  9 ironbound frosthearts
  34 vault guards
  2 ghost crabs
  Erolcha (Orc:2)
  4 ogre magi
  5 great orbs of eyes
  2 rakshasas
  6 boulder beetles
  A catoblepas (Lair:5)
  17 death yaks
  4 alligators
  20 centaur warriors
  4 two-headed ogres
  A satyr (shapeshifter) (Depths:1)
  7 deep troll earth magi
  5 vampire magi
  5 deep troll shamans
  7 tengu warriors
  A thrashing horror (WizLab)
  2 orc high priests (Orc:2)
  Urug (D:11)
  7 ironbound beastmasters
  A spriggan berserker (Depths:2)
  A sun demon (Depths:3)
  A soul eater (Depths:3)
  4 hell hogs (Depths:4)
  6 hell knights
  4 iron trolls
  A shadow wraith (Vaults:4)
  A fire crab (shapeshifter) (D:14)
  7 goliath frogs
  5 flayed ghosts
  A golden dragon zombie (Depths:3)
  71 deep trolls
  9 swamp dragons
  A shadow dragon zombie (Depths:3)
  Pikel (D:7)
  6 bog bodies
  4 spriggan druids
  3 orc knights
  An orange crystal statue (Depths:2)
  17 wizards
  10 ironbound convokers
  4 large abominations (WizLab)
  A phantasmal warrior (Vaults:2)
  A tengu skeleton (Depths:3)
  2 anaconda skeletons (WizLab)
  26 orb spiders
  9 lindwurms
  3 deep elf pyromancers
  A golden dragon skeleton (Depths:3)
  An obsidian statue (WizLab)
  3 necromancers
  59 ugly things
  An orb spider (shapeshifter) (D:15)
  2 deep elf zephyrmancers (Depths:4)
  A wolf spider (shapeshifter) (Vaults:2)
  5 manticores
  10 orc sorcerers
  28 wolf spiders
  A frost giant zombie (Depths:3)
  2 will-o-the-wisps
  5 cyclopes
  An elephant (shapeshifter) (Vaults:2)
  An oklob plant (Lair:2)
  A salamander (Depths:5)
  A worldbinder (WizLab)
  2 black mambas
  Maurice (D:10)
  A guardian serpent (WizLab)
  13 elephants
  3 gargoyles
  3 torpor snails
  A smoke demon (WizLab)
  21 vault sentinels
  An orange demon (WizLab)
  14 cane toads
  A kobold demonologist (D:14)
  A yaktaur (shapeshifter) (Depths:2)
  An efreet (D:14)
  A rime drake (shapeshifter) (D:14)
  4 rime drakes
  13 komodo dragons
  26 yaktaurs
  A freezing wraith (Vaults:2)
  2 spriggan skeletons (Depths:3)
  An unseen horror (D:13)
  6 tengu conjurers
  13 demonic crawlers
  A hellwing (Depths:3)
  An ice devil (WizLab)
  A red devil (Depths:3)
  31 jumping spiders
  5 trolls
  21 hornets
  3 meliai (D:14)
  4 polar bears
  8 tyrant leeches
  33 slime creatures
  35 blink frogs
  9 dream sheep (Lair:6)
  25 spriggans
  4 flying skulls (Depths:3)
  3 shadows
  4 ynoxinuls
  A wyvern (Lair:5)
  82 redbacks
  2 wraiths (D:13)
  Sigmund (D:3)
  28 tarantellas
  50 yaks
  4 basilisks
  3 fire elementals
  A water elemental (Depths:5)
  7 steam dragons
  2 vampire mosquitoes (D:13)
  2 chaos spawn (Depths:3)
  5 wargs
  24 swamp worms
  3 spatial vortices (WizLab)
  3 acid dragons
  13 water moccasins
  6 hell hounds
  A monstrous demonspawn skeleton (WizLab)
  An ice beast (D:7)
  6 black bears
  7 swamp drakes
  21 orc warriors
  8 ogres
  4 necrophages
  A tengu (shapeshifter) (D:14)
  36 wolves
  9 boggarts
  21 centaurs
  2 phantoms (D:9)
  A kobold brigand (D:10)
  A gnoll sergeant (D:8)
  8 bullfrogs
  2 scorpions
  3 killer bees (D:8)
  2 troll zombies (D:9)
  7 wights
  7 electric eels
  3 howler monkeys
  6 centaur zombies
  2 bullfrog zombies
  3 jellies
  A gnoll shaman (D:10)
  14 orc priests
  Crazy Yiuf (D:2)
  A centaur skeleton (D:4)
  Terence (D:3)
  4 iguanas
  43 orc wizards
  6 ogre zombies (D:9)
  12 gnolls
  A howler monkey skeleton (D:6)
  9 adders
  A river rat (D:3)
  A white imp (D:7)
  2 worms (D:2)
  3 dart slugs
  74 orcs
  11 ball pythons
  9 bats
  3 endoplasms
  A giant cockroach (D:6)
  9 hobgoblins
  5 jackals (Sewer)
  4 quokkas
  6 frilled lizards
  7 goblins
  2 goblin skeletons (D:9)
  5 goblin zombies (D:9)
  A hobgoblin skeleton (D:9)
  4 hobgoblin zombies (D:9)
  18 kobolds
  An orc skeleton (D:9)
  12 orc zombies (D:9)
  6 rats
  18 fulminant prisms
  A lurking horror (WizLab)
1719 creatures vanquished.

Vanquished Creatures (collateral kills)
  Boris (Depths:3)
  the Lernaean hydra (Swamp:4)
  Margery (Vaults:3)
  Saint Roka (Vaults:3)
  A titan (Vaults:4)
  3 sphinxes
  A tengu reaver (Vaults:2)
  A storm dragon (Vaults:5)
  2 vault wardens
  A stone giant (Depths:5)
  3 ironbound preservers
  7 very ugly things
  A vampire knight (Depths:2)
  An ettin (Depths:5)
  5 fire dragons
  2 great orbs of eyes (Depths:5)
  An ice dragon (Depths:5)
  A rakshasa (Depths:2)
  5 hydras (Swamp:4)
  An ironbound frostheart (Vaults:3)
  6 centaur warriors
  A thrashing horror (WizLab)
  An ironbound beastmaster (Vaults:2)
  12 deep trolls
  2 swamp dragons (Swamp:4)
  5 wizards
  3 ironbound convokers
  2 flayed ghosts (Depths:3)
  A tengu zombie (Depths:3)
  A deep elf pyromancer (Depths:4)
  11 ugly things
  A spriggan zombie (Depths:3)
  2 yaktaurs (Vaults:2)
  An elf skeleton (Depths:3)
  A human skeleton (WizLab)
  A tengu conjurer (Depths:3)
  A swamp drake (Swamp:4)
  A floating eye (Depths:5)
  4 orc warriors
  An ogre (Vaults:3)
  2 orc priests (Vaults:3)
  An orc wizard (Vaults:3)
  2 orcs
103 creatures vanquished.

Vanquished Creatures (others)
  An eldritch tentacle (WizLab)
  A frost giant (Vaults:2)
  A vault warden (Vaults:3)
  An ogre mage (Vaults:5)
  A hell hog (Depths:4)
  A bloated husk (Swamp:1)
  A redback (Spider:1)
  A water elemental (Depths:3)
  A swamp drake (Swamp:4)
  An ogre (Vaults:5)
  An orc wizard (D:14)
  A bush (Lair:2)
  5 fire vortices
  24 foxfires
  381 fulminant prisms
  64 fungi
  131 plants
617 creatures vanquished.

Grand Total: 2439 creatures vanquished

Notes
Turn   | Place    | Note
-------+----------+-------------------------------------------
     0 | D:1      | lmSkywalker the Draconian Conjurer began the quest for the
                  | Orb.
     0 | D:1      | Reached XP level 1. HP: 14/14 MP: 3/3
   444 | D:1      | Reached XP level 2. HP: 20/20 MP: 1/5
   531 | D:1      | Learned a level 2 spell: Searing Ray
  1109 | D:2      | Reached XP level 3. HP: 22/26 MP: 0/7
  1658 | D:2      | Found a runed translucent door.
  1659 | D:2      | Noticed Crazy Yiuf
  2606 | D:2      | Killed Crazy Yiuf
  2607 | D:2      | Reached skill level 5 in Conjurations
  2607 | D:2      | Reached XP level 4. HP: 33/33 MP: 3/8
  2692 | D:3      | Learned a level 3 spell: Dazzling Flash
  3023 | D:3      | Found a glowing drain.
  3027 | Sewer    | Entered a sewer
  3965 | D:3      | Reached XP level 5. HP: 38/38 MP: 5/10
  4104 | D:3      | Got the Handbook of the Entourage and Flames
  4200 | D:3      | Noticed Sigmund
  4495 | D:3      | Found a faded altar of an unknown god.
  4528 | D:3      | Found a blossoming altar of Fedhas.
  5444 | D:4      | Reached skill level 1 in Hexes
  5490 | D:4      | Noticed an ogre
  5496 | D:4      | Killed an ogre
  5497 | D:4      | Reached XP level 6. HP: 45/45 MP: 4/12
  6147 | D:4      | Your scales start taking on a dull iron-grey colour.
  6147 | D:4      | Reached XP level 7. HP: 50/50 MP: 9/14
  6335 | D:5      | Entered Level 5 of the Dungeon
  6462 | D:5      | Reached skill level 5 in Spellcasting
  7437 | D:6      | Reached XP level 8. HP: 57/57 MP: 10/16
  7572 | D:6      | Found a sacrificial altar of Ru.
  7695 | D:6      | Found a staircase to the Ecumenical Temple.
  7935 | Temple   | Entered the Ecumenical Temple
  7954 | Temple   | Became a worshipper of Sif Muna the Loreminder
  8548 | D:6      | Reached skill level 5 in Hexes
  8625 | D:6      | Learned a level 4 spell: Fulminant Prism
  9000 | D:6      | Learned a level 3 spell: Conjure Flame
  9038 | D:7      | Found Oxipolawn's Magic Scroll Shop.
  9046 | D:7      | Bought a scroll of noise for 12 gold pieces
  9046 | D:7      | Bought a scroll of fog for 24 gold pieces
  9212 | D:7      | Reached skill level 1 in Fire Magic
  9307 | D:7      | Reached XP level 9. HP: 54/62 MP: 10/19
  9591 | D:7      | Found Jaweint's Serpentskin Sales.
 10578 | D:8      | Found Nyduuxie's Magic Scroll Boutique.
 10607 | D:8      | Reached * piety under Sif Muna
 10735 | D:8      | Noticed Pikel
 10743 | D:7      | Killed Pikel
 10918 | D:8      | Reached XP level 10. HP: 69/69 MP: 11/22
 11130 | D:8      | Found a radiant altar of Vehumet.
 11166 | D:8      | Reached skill level 1 in Fighting
 11338 | D:8      | Reached skill level 10 in Conjurations
 11814 | D:8      | Found a radiant altar of Vehumet.
 11873 | D:8      | Found Nyduuxie's Magic Scroll Boutique.
 12047 | D:9      | Found Loustaism's Distillery.
 12095 | D:9      | Found an opulent altar of Gozag.
 12098 | D:9      | Found a sparkling altar of Nemelex Xobeh.
 12132 | D:9      | Found a glowing silver altar of Zin.
 12157 | D:9      | Learned a level 4 spell: Iskenderun's Mystic Blast
 12221 | D:9      | Bought a potion of haste for 130 gold pieces
 12221 | D:9      | Bought a potion of flight for 39 gold pieces
 12345 | D:9      | Found a staircase to the Orcish Mines.
 12534 | D:9      | Reached skill level 1 in Shields
 12640 | D:9      | Reached ** piety under Sif Muna
 13537 | D:9      | Found a shimmering altar of Xom.
 13540 | D:9      | Found a shimmering altar of Xom.
 13540 | D:9      | Found a shimmering altar of Xom.
 13543 | D:9      | Found a shimmering altar of Xom.
 13544 | D:9      | Found a shimmering altar of Xom.
 13980 | D:10     | Entered Level 10 of the Dungeon
 13980 | D:10     | Noticed a two-headed ogre
 13989 | D:10     | Killed a two-headed ogre
 13990 | D:10     | Reached skill level 1 in Translocations
 14226 | D:10     | Noticed Maurice
 14242 | D:10     | Killed Maurice
 14243 | D:10     | Reached XP level 11. HP: 54/84 MP: 6/24
 14916 | D:10     | Found a broken altar of Ashenzari.
 14964 | D:10     | Found a staircase to the Lair.
 15009 | D:10     | Reached *** piety under Sif Muna
 15169 | Orc:1    | Entered Level 1 of the Orcish Mines
 15270 | D:10     | Noticed a two-headed ogre
 15277 | D:10     | Killed a two-headed ogre
 15613 | D:10     | Noticed Harold
 15642 | D:10     | Killed Harold
 15643 | D:10     | Reached skill level 5 in Fighting
 15830 | D:10     | Noticed Fannar
 15841 | D:10     | Killed Fannar
 16321 | D:11     | Noticed a boulder beetle
 16450 | D:11     | Killed a boulder beetle
 16461 | D:11     | Reached skill level 5 in Dodging
 16595 | D:11     | Noticed Urug
 16872 | D:7      | Bought a +1 cloak of poison resistance for 162 gold pieces
 16961 | Lair:1   | Entered Level 1 of the Lair of Beasts
 17230 | Lair:1   | Reached skill level 1 in Invocations
 17711 | Lair:1   | Noticed a six-headed hydra
 17902 | Lair:1   | Killed a six-headed hydra
 17930 | Lair:1   | Reached skill level 10 in Spellcasting
 17930 | Lair:1   | Reached XP level 12. HP: 73/96 MP: 3/26
 18765 | Lair:1   | Learned a level 5 spell: Irradiate
 18768 | Lair:2   | Noticed a four-headed hydra
 18775 | Lair:2   | Killed a four-headed hydra
 18776 | Lair:2   | Reached skill level 1 in Transmutations
 19158 | Lair:2   | Noticed a five-headed hydra
 19198 | Lair:2   | Killed a five-headed hydra
 19264 | Lair:2   | Reached skill level 5 in Translocations
 19272 | Lair:2   | Reached **** piety under Sif Muna
 19681 | Lair:2   | Reached skill level 1 in Evocations
 19827 | Lair:2   | Reached skill level 5 in Invocations
 20735 | Lair:2   | Noticed a five-headed hydra
 20782 | Lair:2   | Killed a five-headed hydra
 21078 | Lair:2   | Noticed a four-headed hydra
 21111 | Lair:2   | Killed a four-headed hydra
 21315 | Lair:2   | Reached XP level 13. HP: 108/108 MP: 19/27
 21322 | Lair:2   | Reached skill level 5 in Transmutations
 23290 | Lair:3   | Found a hole to the Spider Nest.
 24307 | Lair:3   | Reached ***** piety under Sif Muna
 24379 | Lair:4   | Received a gift from Sif Muna
 24748 | Lair:4   | Found a staircase to the Swamp.
 25868 | Lair:4   | Reached skill level 1 in Unarmed Combat
 27123 | Lair:5   | Found a shimmering blue altar of Sif Muna.
 27620 | Lair:5   | Found a runed translucent door.
 27621 | Lair:5   | Found a viscous altar of Jiyva.
 27623 | Lair:5   | Found a staircase to the Slime Pits.
 29012 | Lair:6   | Entered Level 6 of the Lair of Beasts
 29017 | Lair:6   | Noticed Snorg
 29034 | Lair:5   | Killed Snorg
 29035 | Lair:5   | Reached XP level 14. HP: 109/118 MP: 1/28
 30479 | Lair:6   | Identified the +0 robe of Nuilun {*Slow rN++ Will+}
 31955 | Lair:5   | Reached skill level 5 in Unarmed Combat
 32044 | Lair:6   | Reached skill level 10 in Invocations
 32162 | Lair:6   | Upgraded the game from 0.28-a0-247-gb8bfbab023 to
                  | 0.28-a0-258-g8de209e91f
 33986 | Lair:6   | Identified the +9 scimitar of Negeleb {flame, rF++ Int+4
                  | SInv}
 34969 | Spider:1 | Entered Level 1 of the Spider Nest
 35539 | Lair:3   | Reached XP level 15. HP: 106/124 MP: 20/29
 35760 | Spider:1 | Noticed Louise
 36085 | Lair:3   | Killed Louise
 36349 | Spider:1 | Reached skill level 10 in Transmutations
 36364 | Spider:1 | Noticed Asterion
 36736 | Spider:1 | Noticed an Executioner
 36940 | Spider:1 | Noticed a ghost moth
 36948 | Lair:3   | Killed Asterion
 36948 | Lair:3   | Received a gift from Sif Muna
 36955 | Lair:3   | Learned a level 2 spell: Passwall
 37143 | Lair:3   | Reached skill level 10 in Dodging
 37374 | Lair:3   | Killed a ghost moth
 40589 | Spider:2 | Learned a level 7 spell: Dragon Form
 41119 | Spider:2 | Found the +3 salamander hide armour {Flames rF++ rC--}
 42130 | Spider:3 | Noticed a ghost moth
 42199 | Spider:2 | Killed a ghost moth
 42879 | Spider:4 | Entered Level 4 of the Spider Nest
 42902 | Spider:4 | Received a gift from Sif Muna
 42903 | Spider:4 | Got Sif Muna's Compendium of Fetching Venom {god gift}
 43151 | Spider:3 | Reached XP level 16. HP: 107/132 MP: 15/30
 44140 | Swamp:1  | Entered Level 1 of the Swamp
 45139 | Swamp:1  | Paralysed by a fenstrider witch for 5 turns
 45758 | Swamp:1  | Paralysed by a fenstrider witch for 5 turns
 45935 | Swamp:1  | Reached skill level 15 in Transmutations
 46302 | Swamp:1  | Identified the +5 demon trident of Xutzyisch {elec, rF+++
                  | rC+ Int+3 Dex-3}
 47121 | Swamp:2  | Noticed a thorn hunter
 47126 | Swamp:1  | Killed a thorn hunter
 47909 | Swamp:1  | Learned a level 5 spell: Manifold Assault
 49614 | Swamp:2  | Noticed Jorgrun
 49623 | Swamp:2  | Killed Jorgrun
 50360 | Orc:1    | Received a gift from Sif Muna
 50379 | Orc:1    | Got Muclont's Guide on Displacement and Flight {god gift}
 50753 | Orc:2    | Entered Level 2 of the Orcish Mines
 50795 | Orc:2    | Noticed Azrael
 51047 | Orc:2    | Killed Azrael
 51247 | Orc:2    | Found a staircase to the Elven Halls.
 51254 | Orc:2    | Noticed Sonja
 51526 | Orc:2    | Reached skill level 10 in Unarmed Combat
 51584 | Orc:2    | Noticed Erolcha
 51666 | Orc:2    | Killed Erolcha
 51687 | Orc:2    | Found Libot's Antique Armour Boutique.
 51963 | Orc:2    | Found Nipacei's Book Emporium.
 51977 | Orc:2    | Reached XP level 17. HP: 137/137 MP: 28/31
 52030 | Orc:2    | Found a radiant altar of Vehumet.
 52076 | Orc:2    | Found Latosess's Antique Armour Emporium.
 52203 | Orc:2    | Found an ancient bone altar of Kikubaaqudgha.
 52204 | Orc:2    | Paralysed by an orc sorcerer for 3 turns
 52269 | Orc:2    | Found Juyfutut's Book Shoppe.
 52295 | Orc:2    | Found Iquqeceu's Magic Scroll Shoppe.
 52307 | Orc:2    | Bought a scroll of fear for 42 gold pieces
 53114 | Spider:4 | Received a gift from Sif Muna
 53115 | Spider:4 | Got Sif Muna's Collected Works on Damaging Feathers {god
                  | gift}
 54153 | Swamp:3  | Noticed a tentacled monstrosity
 54180 | Swamp:3  | Killed a tentacled monstrosity
 54485 | Swamp:4  | Entered Level 4 of the Swamp
 54931 | Swamp:4  | Noticed a tentacled monstrosity
 55698 | Swamp:4  | Noticed the 27-headed Lernaean hydra
 55701 | Swamp:4  | Killed the 27-headed Lernaean hydra
 55702 | Swamp:4  | Reached skill level 10 in Translocations
 55723 | Swamp:4  | Killed a tentacled monstrosity
 55888 | Swamp:4  | Reached skill level 10 in Fighting
 56181 | Swamp:4  | Received a gift from Sif Muna
 56933 | Swamp:4  | Got a decaying rune of Zot
 58296 | Spider:4 | Reached XP level 18. HP: 149/149 MP: 32/32
 59262 | Spider:4 | Got a gossamer rune of Zot
 59689 | D:10     | Upgraded the game from 0.28-a0-258-g8de209e91f to
                  | 0.28-a0-265-g048bc9fd10
 60055 | D:3      | Killed Sigmund
 60070 | D:3      | Noticed Terence
 60073 | D:3      | Killed Terence
 60316 | D:11     | Found Haleajin's Book Shop.
 60604 | D:11     | Killed Urug
 60865 | D:11     | Found a glowing golden altar of the Shining One.
 60912 | D:11     | Found Qastre's Distillery.
 60915 | D:11     | Bought a potion of brilliance for 44 gold pieces
 60915 | D:11     | Bought a potion of magic for 88 gold pieces
 60930 | D:11     | Found Meyvaunu's Armour Boutique.
 61112 | D:12     | Identified the +6 spear "Pemat Nyn" {holy, *Noise rElec rN+
                  | Dex+3}
 61135 | D:12     | Noticed Frances
 61225 | D:12     | Received a gift from Sif Muna
 61229 | D:12     | Got Sif Muna's Papyrus of the Frigorific Arsonist {god
                  | gift}
 61284 | D:12     | Identified the +11 war axe of Qorphiv {freeze, rPois Will+
                  | MP+9}
 61457 | D:12     | Killed Frances
 63133 | D:13     | Found a runed translucent door.
 63137 | D:13     | Noticed Aluabuag's ghost (journeyman DrWn)
 63150 | D:13     | Killed Aluabuag's ghost
 63477 | D:13     | Identified the +7 dagger of a Thousand Souls {venom, Contam
                  | rPois Str+6 Dex-5 SInv}
 64001 | D:14     | Found Soogah's Armour Emporium.
 64016 | D:14     | Received a gift from Sif Muna
 64020 | D:14     | Got Sif Muna's Compendium of Transmutation and Earth {god
                  | gift}
 64033 | D:14     | Found Hozxoste's General Store.
 64168 | D:14     | Bought a potion of haste for 140 gold pieces
 64495 | D:14     | Found a gate to the Vaults.
 64947 | D:15     | Entered Level 15 of the Dungeon
 65134 | D:15     | Found a staircase to the Depths.
 65151 | D:15     | Got the Reference Book on Nocuous Ice
 65317 | D:15     | Noticed Nessos
 65329 | D:15     | Killed Nessos
 65853 | D:15     | Found a shimmering blue altar of Sif Muna.
 66058 | Depths:1 | Entered Level 1 of the Depths
 66058 | Depths:1 | Found a gateway to Hell.
 66223 | Depths:1 | Reached XP level 19. HP: 163/163 MP: 13/33
 66461 | Depths:1 | Learned a level 4 spell: Animate Dead
 66465 | Depths:1 | Found a hazy altar of Hepliaklqana.
 66498 | Depths:1 | Reached skill level 1 in Necromancy
 66667 | Depths:1 | Noticed Mlioglotl
 66672 | D:15     | Received a gift from Sif Muna
 66676 | D:15     | Got Nesiekk's Handbook of the Birds and Sinister Rites {god
                  | gift}
 66710 | Depths:1 | Gained mutation: You have a pair of small antennae on your
                  | head. [a neqoxec]
 66712 | Depths:1 | Killed Mlioglotl
 67002 | Depths:1 | Found Besaaleg's Weapon Boutique.
 67199 | Depths:1 | Reached skill level 5 in Necromancy
 67780 | Depths:1 | Found a one-way gate to the infinite horrors of the Abyss.
 67811 | Depths:1 | Found Deckew's Antique Armour Shoppe.
 67889 | Depths:1 | Found Itraxa Xuidd's Distillery.
 68407 | Depths:1 | Learned a level 6 spell: Death Channel
 68875 | Depths:2 | Found a runed translucent gate.
 68903 | Depths:2 | Found a runed translucent gate.
 68904 | Depths:2 | Found a runed translucent gate.
 68904 | Depths:2 | Noticed Muhabiwk's ghost (adept GnBr)
 68908 | Depths:2 | Noticed Mara
 69759 | Depths:2 | Noticed lmSkywalker's illusion
 70398 | Depths:2 | Killed Mara
 70858 | Vaults:1 | Entered Level 1 of the Vaults
 70871 | Vaults:1 | Reached skill level 10 in Necromancy
 71030 | Vaults:1 | Received a gift from Sif Muna
 71031 | Vaults:1 | Got Alaremio's Tome of Dark Rites and the Oath {god gift}
 71074 | Vaults:1 | Reached XP level 20. HP: 171/171 MP: 34/34
 71461 | Vaults:1 | Noticed Aizul
 71465 | Vaults:1 | Killed Aizul
 72468 | Vaults:1 | Found Aceasyxiph's Book Shop.
 73152 | Vaults:2 | Found a gateway to a bazaar.
 73186 | Bazaar   | Entered a bazaar
 73186 | Bazaar   | Found Saulebu's Assorted Antiques.
 73189 | Bazaar   | Found Sayly's General Store.
 73199 | Bazaar   | Found Luluatu's Book Shoppe.
 73204 | Bazaar   | Found Gammudu's Distillery.
 73231 | Bazaar   | Found Robbadex's General Store.
 73283 | Bazaar   | Bought a potion of resistance for 70 gold pieces
 73283 | Bazaar   | Bought a potion of magic for 56 gold pieces
 73309 | Bazaar   | Bought a scroll of teleportation for 33 gold pieces
 73325 | Bazaar   | Bought 2 scrolls of fog for 44 gold pieces
 74111 | Vaults:2 | Found a huge runed gate.
 74111 | Vaults:2 | Found a huge runed gate.
 74111 | Vaults:2 | Found a huge runed gate.
 74111 | Vaults:2 | Found a huge runed gate.
 74113 | Vaults:2 | Found a huge runed gate.
 74113 | Vaults:2 | Found a huge runed gate.
 74115 | Vaults:2 | Found a huge runed gate.
 74116 | Vaults:2 | Found a huge runed gate.
 74122 | Vaults:2 | Found a huge runed gate.
 74122 | Vaults:2 | Found a huge runed gate.
 74244 | Vaults:2 | Found a huge runed gate.
 74244 | Vaults:2 | Found a huge runed gate.
 74244 | Vaults:2 | Found a huge runed gate.
 74244 | Vaults:2 | Found a huge runed gate.
 74244 | Vaults:2 | Found a huge runed gate.
 74246 | Vaults:2 | Found a huge runed gate.
 74247 | Vaults:2 | Found a huge runed gate.
 74248 | Vaults:2 | Found a huge runed gate.
 74470 | Vaults:2 | Found a huge runed gate.
 74478 | Vaults:2 | Found a huge runed gate.
 74478 | Vaults:2 | Found a huge runed gate.
 74478 | Vaults:2 | Found a huge runed gate.
 74478 | Vaults:2 | Found a huge runed gate.
 74478 | Vaults:2 | Found a huge runed gate.
 74480 | Vaults:2 | Found a huge runed gate.
 74481 | Vaults:2 | Found a huge runed gate.
 74482 | Vaults:2 | Found a huge runed gate.
 74483 | Vaults:2 | Found a huge runed gate.
 74491 | Vaults:2 | Found a huge runed gate.
 74491 | Vaults:2 | Found a huge runed gate.
 74491 | Vaults:2 | Found a huge runed gate.
 74491 | Vaults:2 | Found a huge runed gate.
 74491 | Vaults:2 | Found a huge runed gate.
 74493 | Vaults:2 | Found a huge runed gate.
 74494 | Vaults:2 | Found a huge runed gate.
 74495 | Vaults:2 | Found a huge runed gate.
 75037 | Vaults:2 | Received a gift from Sif Muna
 75233 | Vaults:2 | Upgraded the game from 0.28-a0-265-g048bc9fd10 to
                  | 0.28-a0-268-g3f656e82c2
 75507 | Vaults:2 | Found a staircase to the Crypt.
 75512 | Vaults:2 | Reached XP level 21. HP: 158/158 MP: 25/36
 76109 | Vaults:2 | Reached skill level 15 in Necromancy
 77344 | Vaults:3 | Received a gift from Sif Muna
 77345 | Vaults:3 | Got Lylapydio's Handbook of Translocation {god gift}
 77854 | Vaults:3 | Noticed Frederick
 77860 | Vaults:3 | Killed Frederick
 77960 | Vaults:3 | Noticed Boris
 77966 | Vaults:3 | Noticed Xtahua
 77987 | Vaults:3 | Killed Boris
 77994 | Vaults:3 | Killed Xtahua
 78593 | Vaults:3 | Noticed Margery
 78601 | Vaults:3 | Killed Margery
 79901 | Vaults:3 | Noticed Saint Roka
 79943 | Vaults:3 | Killed Saint Roka
 80887 | Vaults:4 | Found a magical portal.
 80894 | WizLab   | Entered The Roulette of Golubria
 80894 | WizLab   | Found a transporter.
 80910 | WizLab   | Found a corrupted altar of Lugonu.
 80921 | WizLab   | Found a transporter.
 80927 | WizLab   | Found a transporter.
 80936 | WizLab   | Found a transporter.
 81043 | WizLab   | Found a transporter.
 81083 | WizLab   | Found a transporter.
 81135 | WizLab   | Found a transporter.
 81135 | WizLab   | Found a transporter.
 81147 | WizLab   | Found a corrupted altar of Lugonu.
 81168 | WizLab   | Found a transporter.
 81458 | WizLab   | Found a transporter.
 81514 | WizLab   | Found a transporter.
 81607 | WizLab   | Reached XP level 22. HP: 185/185 MP: 21/39
 81644 | WizLab   | Found a transporter.
 81644 | WizLab   | Identified the +0 cloak of Ygusk {rElec rF+ Dex-3}
 81740 | WizLab   | Received a gift from Sif Muna
 81753 | WizLab   | Got Sif Muna's Papyrus of Harmful Cold {god gift}
 81802 | WizLab   | Found a transporter.
 81802 | WizLab   | Found a transporter.
 81824 | WizLab   | Found a transporter.
 81824 | WizLab   | Found a transporter.
 81847 | WizLab   | Found a corrupted altar of Lugonu.
 82032 | WizLab   | Found a transporter.
 82032 | WizLab   | Found a transporter.
 82110 | WizLab   | Found a transporter.
 82110 | WizLab   | Found a transporter.
 83861 | Vaults:4 | Learned a level 8 spell: Necromutation
 83870 | Vaults:4 | Learned a level 8 spell: Infestation
 85079 | Depths:3 | Noticed Sojobo
 85083 | Depths:3 | Reached skill level 1 in Long Blades
 85087 | Depths:3 | Paralysed by an air elemental for 1 turns
 85090 | Depths:3 | Paralysed by an air elemental for 1 turns
 85093 | Depths:3 | Paralysed by an air elemental for 1 turns
 85100 | Depths:3 | Paralysed by an air elemental for 1 turns
 85109 | Depths:3 | Killed Sojobo
 85730 | Depths:2 | Found a runed translucent door.
 85736 | Depths:2 | Found a runed translucent door.
 86247 | Depths:3 | Found a gateway to a ziggurat.
 86550 | Depths:3 | You are sucked into a shaft and drop 2 floors!
 86550 | Depths:5 | Entered Level 5 of the Depths
 87162 | Depths:3 | Found a one-way gate leading to the halls of Pandemonium.
 87449 | Depths:3 | Noticed Boris
 87837 | Depths:3 | Reached skill level 5 in Long Blades
 88451 | Depths:3 | Killed Boris
 89027 | Depths:3 | Reached XP level 23. HP: 194/194 MP: 31/41
 89401 | Depths:4 | Reached skill level 5 in Shields
 89434 | Depths:4 | Noticed an ancient lich
 89440 | Depths:4 | Killed an ancient lich
 89559 | Depths:4 | Noticed an ancient lich
 89563 | Depths:4 | Killed an ancient lich
 91057 | Depths:5 | Received a gift from Sif Muna
 91076 | Depths:5 | Got Sif Muna's Compendium of Quantum Creation {god gift}
 91281 | Depths:5 | Reached skill level 10 in Long Blades
 91700 | Depths:5 | Upgraded the game from 0.28-a0-268-g3f656e82c2 to
                  | 0.28-a0-305-g9e858e973b
 91713 | Depths:5 | Found a gate to the Realm of Zot.
 91749 | Depths:5 | Found a shimmering altar of Xom.
 91826 | Depths:5 | Found Ireptiati's Weapon Shoppe.
 91829 | Depths:5 | Found Lowueg's Jewellery Shoppe.
 91829 | Depths:5 | Found Lelomig's Antique Weapon Emporium.
 91834 | Depths:5 | Found Nenis's Antique Armour Emporium.
 92713 | Orc:2    | Bought the -2 hat of the Alchemist {rElec rPois rF+ rC+ rN+
                  | Will+ rMut rCorr} for 1132 gold pieces
 92713 | Orc:2    | Found the -2 hat of the Alchemist {rElec rPois rF+ rC+ rN+
                  | Will+ rMut rCorr}
 93170 | Vaults:5 | Entered Level 5 of the Vaults
 94400 | Vaults:5 | Killed from afar by a deep elf sorcerer

Illustrated notes

Levels and vault maps discovered:
D:1:      nzn_arrival_depleted_hourglass, layout_rooms, serial_bayou_lake_a
D:2:      layout_loops_corners, uniq_crazy_yiuf_cottage
D:3:      layout_loops_corners, fedhas_altar_1, ebering_ecumenical_altar_hall,
          gup_sewer_entry_spiral, kennysheep_generic_room_10, uniq_terence,
          uniq_sigmund
D:4:      layout_rooms, saegor_snake_ambush
D:5:      layout_cave_pools, chequers_garden
D:6:      layout_loops_ring, nicolae_ru_great_annihilating_truth,
          minmay_temple_entry_wispy
D:7:      kennysheep_steamy, layout_loops_ring, serial_shops, shop,
          st_stairs_13, guppyfry_shop_venom
D:8:      layout_cave_pools, vehumet_altar_wand_db, minivault_26,
          grunt_ministairs_8, nicolae_take_the_stairs, uniq_pikel
D:9:      layout_loops_corners, xom_shifter_show,
          gammafunk_temple_overflow_forgotten, zombieorc2_lemuel, serial_shops,
          shop_statue
D:10:     layout_gridville, nicolae_ashenzari_skybound, david_lair_shrubbed,
          uniq_maurice, uniq_fannar, uniq_harold
D:11:     layout_irregular_city, serial_shops, shop_fountains, shop,
          kennysheep_mini, tso_altar, uniq_urug
D:12:     layout_irregular_city, uniq_frances
D:13:     layout_gridville, ebering_ghost_reflecting_pool
D:14:     cheibrodos_fzero, layout_rooms, erik_vaults_2,
          kennysheep_another_room, serial_shops, nicolae_shop_stone, shop
D:15:     hangedman_depths_entry_try_elsewhere_first, layout_rooms,
          lemuel_blue_sif_altar, eino_curves_04, uniq_nessos
Temple:   eino_temple_water
Lair:1:   layout_layer_cave, dpeg_stationary_puzzle, serial_bayou_shore_b,
          lemuel_fruit_tree
Lair:2:   nzn_winding_woodlands_small [nzn_winding_woodlands_5x15_concentric,
          nzn_winding_woodlands_center_pierced_h,
          nzn_winding_woodlands_5x15_zeroes], layout_gridlike,
          minmay_lair_oklob_items, grunt_megastairs_2, serial_bayou_shore_a
Lair:3:   layout_loops_ring, dummy_spider_entry,
          lightli_volcano_entry_magma_tube, infiniplex_staircase_pool
Lair:4:   layout_regular_city, minmay_swamp_entry_worms
Lair:5:   layout_long_grid, slime_altar_2, basic_altar
Lair:6:   minmay_lair_end_enchanted_forest, layout_hall_layers,
          gauntlet_entry_generic, minivault_26, minivault_19,
          guppyfry_lair_drakes, uniq_snorg
Swamp:1:  layout_basic_swamp, hangedman_swamp_ruin_wall
Swamp:2:  layout_basic_swamp, evilmike_swamp_ruin_house_6, uniq_jorgrun
Swamp:3:  layout_falls_marsh, evilmike_swamp_ruin_rubble_2
Swamp:4:  swamp, layout_basic_swamp, swamp_pool2
Spider:1: layout_spider_delve, uniq_louise, uniq_asterion
Spider:2: layout_spider_delve, hangedman_spider_trapstep
Spider:3: layout_spider_delve
Spider:4: spider_rune_water
Orc:1:    layout_diamond_mine
Orc:2:    kennysheep_orc_mage_school, layout_caves, serial_shops,
          nicolae_shop_crystal, uniq_erolcha, uniq_sonja, uniq_azrael
Vaults:1: hangedman_vaults_corner_blocks, nicolae_vaults_fighting_squares,
          nicolae_vaults_ring_of_whatevers, v_misc_8, ontoclasm_vaults_fault,
          v_misc_3, v_misc_28, hangedman_vaults_cutoff,
          nicolae_vaults_what_the_h, v_misc_14, layout_vaults_omnicross,
          serial_shops, shop_fountains, uniq_aizul
Vaults:2: minmay_crypt_entry_simple_statues, nicolae_vaults_angled_halls,
          vaults_door_vault, nicolae_vaults_inception_statues,
          hangedman_vaults_trim, v_misc_4, nicolae_vaults_theta,
          hangedman_vaults_nodes, vaults_room_pool, v_alt_pattern_2,
          vaults_room_fours, vaults_room_pool,
          nicolae_vaults_diagonal_hallway_6, layout_vaults_omnibox,
          serial_shops, bzr_entry_customers
Vaults:3: v_alt_pattern_5, vaults_mumra_chevron,
          hangedman_vaults_stretched_pinwheel, vaults_mumra_hex,
          nicolae_vaults_puzzle_piece, ontoclasm_vaults_eye,
          nicolae_vaults_twisting_passages, hangedman_vaults_trim,
          nicolae_vaults_diagonal_hallway_7, st_lattice,
          nicolae_vaults_asterisk, ontoclasm_vaults_ligature,
          nicolae_vaults_little_squares_4, layout_vaults_ring, uniq_frederick,
          uniq_boris, uniq_xtahua, uniq_saint_roka, uniq_margery
Vaults:4: nicolae_vaults_diagonal_hallway_7, hangedman_vaults_corner,
          grunt_vaults_focal, v_misc_1, nicolae_vaults_halls_meeting,
          layout_vaults_omnigrid, mu_enter_wizlab_7
Vaults:5: serial_shops, uniq_mennas, uniq_jory
Depths:1: layout_cave_shapes, serial_shops, shop, nicolae_square_shop,
          nicolae_shop_crystal, nicolae_hepliaklqana_hazy_memory,
          hangedman_abyss_entry_splay, hell_entry, kennysheep_doodads,
          wad_floor_pattern_2, minmay_misc_feat_ornament, minmay_misc_feat_room,
          nicolae_twisting_strands, kennysheep_generic_room_11, uniq_mlioglotl
Depths:2: thingy_vault_2, layout_long_grid, hell_entry,
          biasface_ghost_demon_polymorph, kennysheep_big_empty_room,
          grunt_megastairs_1, uniq_mara
Depths:3: hangedman_screamer, layout_gridlike, enter_ziggurat_f,
          serial_co_window_serial, co_window_paths_a, co_window_corner_a,
          co_window_corner_a, co_window_corner_a, co_window_corner_a,
          co_window_corner_a, co_window_broadway_b, co_window_unsneaky_path_e,
          co_window_broadway_b, grunt_pan_entry_spiral, hangedman_geh_valley,
          serial_bayou_shore_b, uniq_sojobo
Depths:4: minmay_tri_stars, layout_long_grid,
          nicolae_abyss_entry_one_way_or_another, grunt_hell_horde,
          grunt_decor_one_mirror
Depths:5: evilmike_zot_entry_basic, layout_gridlike, hell_entry,
          lemuel_crystal_altar, nrook_mini_vaults, minmay_shoptagon

Skill      XL: |  1  2  3  4  5  6  7  8  9 10 11 12 13 14 15 16 17 18 19 20 21 22 23 |
---------------+----------------------------------------------------------------------+-----
Spellcasting   | 3 4 5 6 8 9 10 11 13 14 | 14.8
Conjurations   | 5 6 7 8 9 10 11 | 11.3
Hexes          | 1 2 3 5 |  5.8
Fire Magic     | 1 3 |  3.0
Fighting       | 4 6 8 9 10 13 | 13.6
Dodging        | 4 5 7 9 10 | 10.0
Shields        | 2 4 7 |  7.2
Translocations | 1 4 5 8 11 12 13 | 13.0
Invocations    | 2 6 8 10 | 10.5
Transmutations | 4 7 9 13 15 16 17 | 17.5
Evocations     | 3 4 |  4.6
Unarmed Combat | 3 6 7 10 12 14 | 14.1
Necromancy     | 10 14 16 17 | 17.4
Stealth        | 3 |  3.0
Long Blades    | 6 13 | 13.0

Action                   |  1- 3 |  4- 6 |  7- 9 | 10-12 | 13-15 | 16-18 | 19-21 | 22-24 || total
-------------------------+-------+-------+-------+-------+-------+-------+-------+-------++-------
Melee: Staff             |    47 |    33 |     6 |    27 |    29 |       |       |       ||   142
       Tailslap          |     3 |     5 |       |     3 |    20 |    75 |    62 |    51 ||   219
       Scimitar          |       |       |       |       |    36 |    24 |     8 |   274 ||   342
       Unarmed           |       |       |       |       |       |   811 |   967 |   515 ||  2293
       Bite              |       |       |       |       |       |    59 |    42 |    18 ||   119
       Punch             |       |       |       |       |       |    27 |    20 |    12 ||    59
 Cast: Magic Dart        |    56 |    63 |    54 |    72 |   115 |    89 |       |       ||   449
       Searing Ray       |     4 |    16 |    41 |   105 |   216 |    75 |       |       ||   457
       Dazzling Flash    |       |       |     4 |     7 |    15 |     4 |       |       ||    30
       Fulminant Prism   |       |       |    11 |   100 |   193 |   100 |       |       ||   404
       Conjure Flame     |       |       |       |    16 |    12 |       |       |       ||    28
       Iskenderun's Myst |       |       |       |     6 |   108 |    71 |       |       ||   185
       Irradiate         |       |       |       |       |    39 |    56 |     7 |       ||   102
       Dragon Form       |       |       |       |       |       |   157 |   113 |    74 ||   344
       Manifold Assault  |       |       |       |       |       |   104 |   266 |   225 ||   595
       Passwall          |       |       |       |       |       |     1 |     3 |     1 ||     5
       Animate Dead      |       |       |       |       |       |       |    27 |    11 ||    38
       Death Channel     |       |       |       |       |       |       |    43 |    56 ||    99
       Infestation       |       |       |       |       |       |       |       |    32 ||    32
       Necromutation     |       |       |       |       |       |       |       |    14 ||    14
       Fire Storm        |       |       |       |       |       |       |       |     2 ||     2
Invok: Channel Magic     |       |       |       |       |     2 |     2 |     5 |     4 ||    13
       Forget Spell      |       |       |       |       |       |     1 |     2 |       ||     3
       Divine Exegesis   |       |       |       |       |       |       |       |     2 ||     2
 Abil: End Transformatio |       |       |       |       |       |     5 |     2 |     2 ||     9
Evoke: Wand              |       |       |       |    16 |     3 |       |       |       ||    19
       Phantom mirror    |       |       |       |       |       |     1 |       |       ||     1
       Phial of floods   |       |       |       |       |       |       |     3 |       ||     3
       Tin of tremorston |       |       |       |       |       |       |       |     2 ||     2
  Use: Scroll            |       |     3 |     9 |    11 |     4 |     1 |     5 |     6 ||    39
       Potion            |       |       |       |       |     4 |     3 |       |     1 ||     8
 Stab: Sleeping          |       |       |       |     1 |       |     2 |     1 |       ||     4
       Invisible         |       |       |       |       |     1 |       |       |       ||     1
       Distracted        |       |       |       |       |       |     2 |     3 |     2 ||     7
       Confused          |       |       |       |       |       |     1 |       |       ||     1
Armor: Skin              |    24 |    12 |    20 |    90 |   422 |   883 |   325 |   368 ||  2144
Dodge: Dodged            |    46 |    29 |    38 |   100 |   627 |   472 |   180 |   269 ||  1761
Block: Buckler           |       |       |       |    32 |   190 |    32 |     5 |    71 ||   330
       Rpst.: Scimitar   |       |       |       |       |    88 |    11 |       |       ||    99

Table legend: (Time is in decaauts)
 A = Elapsed time spent in this place.
 B = Non-inter-level travel time spent in this place.
 C = Inter-level travel time spent in this place.
 D = Time resting spent in this place.
 E = Time spent auto-exploring this place.
 F = Levels seen in this place.
 G = Mean time per level.
                   A        B        C        D        E       F      G
               +--------+--------+--------+--------+--------+-----+--------+
         Total |  94530 |  88099 |   6431 |  37096 |  18764 |  45 | 2100.7 |
       Dungeon |  23262 |  20895 |   2367 |   6116 |   7601 |  15 | 1550.8 |
        Temple |    472 |    427 |     45 |      0 |    406 |   1 |  472.0 |
          Lair |  23662 |  22403 |   1259 |  12388 |   3751 |   6 | 3943.7 |
         Swamp |   7984 |   7682 |    302 |   3709 |   1541 |   4 | 1996.0 |
   Spider Nest |   9018 |   8352 |    666 |   4592 |    849 |   4 | 2254.5 |
  Orcish Mines |   2584 |   2318 |    266 |    402 |    725 |   2 | 1292.0 |
        Vaults |  13142 |  12251 |    891 |   4440 |   1949 |   5 | 2628.4 |
        Depths |  11793 |  11160 |    633 |   4568 |   1562 |   5 | 2358.6 |
        Bazaar |    163 |    163 |      0 |      0 |     58 |   1 |  163.0 |
         Sewer |    982 |    982 |      0 |    412 |    286 |   1 |  982.0 |
        Wizlab |   1464 |   1464 |      0 |    468 |     35 |   1 | 1464.0 |
               +--------+--------+--------+--------+--------+-----+--------+

Top non-repeatable levels by time:
  Lair:3: 4916 daAuts
  Lair:4: 4816 daAuts
Vaults:2: 4216 daAuts
  Lair:5: 4103 daAuts
  Lair:6: 4096 daAuts
Depths:3: 3528 daAuts
  Lair:2: 3414 daAuts
Vaults:4: 3396 daAuts
 Swamp:1: 3343 daAuts
Vaults:3: 3196 daAuts
Depths:2: 2882 daAuts
Spider:4: 2769 daAuts
    D:10: 2409 daAuts
     D:9: 2320 daAuts
  Lair:1: 2315 daAuts
